 Dungeon Crawl Stone Soup version 0.27-a0-562-g0d39f094a4 (webtiles) character file.

Game seed: 6339834270779308470

273 porpoise the Sneak (level 6, -9/40 HPs)
             Began as a Gargoyle Delver on Mar 8, 2021.
             Was an Initiate of the Shining One.
             Mangled by an ogre
             ... wielding a +0 giant club
              (15 damage)
             ... on level 5 of the Dungeon.
             The game lasted 00:14:55 (4444 turns).

porpoise the Sneak (Gargoyle Delver)                Turns: 4444, Time: 00:14:56

Health: -9/40      AC: 12    Str: 22    XL:     6   Next: 24%
Magic:  6/6        EV: 10    Int: 10    God:    the Shining One [......]
Gold:   234        SH:  0    Dex: 17    Spells: 3/5 levels left

rFire    . . .     SeeInvis .   a - +1 mace (vorpal)
rCold    . . .     Faith    .   (no shield)
rNeg     + . .     Spirit   .   y - +0 scale mail
rPois    ∞         Reflect  .   r - +0 helmet of Netiwi Appae {-Cast Str+4 Stlth+}
rElec    +         Harm     .   (no cloak)
rCorr    .         Rampage  .   (no gloves)
Will     .....     NoCast   +   (no boots)
Stlth    +.........             (no amulet)
HPRegen  0.13/turn              x - +6 ring of dexterity
MPRegen  0.10/turn              (no ring)

@: glowing
A: negative energy resistance 1, electricity resistance, torment resistance 1,
unbreathing 1, petrification resistance, AC +4
a: Renounce Religion


You were on level 5 of the Dungeon.
You worshipped the Shining One.
The Shining One was noncommittal.
You visited 2 branches of the dungeon, and saw 6 of its levels.

You collected 234 gold pieces.

Inventory:

Hand Weapons
 a - a +1 vorpal mace (weapon)
 b - a +0 hunting sling
 w - a +3 hand axe
 A - a +0 flail
Missiles
 h - 27 bolts
 i - 12 poisoned darts (quivered)
 n - 150 stones
 u - 19 sling bullets
Armour
 r - the +0 helmet of Netiwi Appae (worn) {-Cast Str+4 Stlth+}
   (You took it off Robin on level 2 of the Dungeon)

   It affects your strength (+4).
   It prevents spellcasting.
   It makes you more stealthy.
 y - a +0 scale mail (worn)
Jewellery
 p - a ring of resist corrosion
 x - a +6 ring of dexterity (left hand)
Wands
 g - a wand of digging (2)
 B - a wand of random effects (20)
Scrolls
 c - a scroll of fog
 d - a scroll of magic mapping
 e - 3 scrolls of fear
 k - 4 scrolls of teleportation {unknown}
 t - 3 scrolls of identify {unknown}
 z - a scroll of enchant armour {unknown}
 C - 2 scrolls of blinking {unknown}
 D - a scroll of enchant weapon {unknown}
Potions
 f - 2 potions of haste
 j - a potion of attraction {unknown}
 l - a potion of cancellation {unknown}
 m - a potion of resistance {unknown}
 o - a potion of curing {unknown}
 q - a potion of degeneration {unknown}
 s - 2 potions of invisibility {unknown}
 v - a potion of berserk rage {unknown}


   Skills:
 - Level 5.0 Fighting
 + Level 4.7 Maces & Flails
 + Level 2.4 Armour
 - Level 1.5 Dodging
 - Level 5.4 Stealth


You had 3 spell levels left.
You knew the following spells:

 Your Spells              Type           Power      Damage    Failure   Level
k - Blink                 Tloc           N/A        N/A       83%         2

Your spell library contained the following spells:

 Spells                   Type           Power      Damage    Failure   Level
 Beastly Appendage        Tmut           0%         N/A       69%         1
 Magic Dart               Conj           0%         1d3       69%         1
 Call Imp                 Summ           0%         N/A       83%         2
 Slow                     Hex            0%         N/A       83%         2
 Wereblood                Tmut           0%         N/A       83%         2
 Conjure Flame            Conj/Fire      0%         6-21      96%         3
 Mephitic Cloud           Conj/Pois/Air  0%         N/A       96%         3
 Spider Form              Tmut/Pois      0%         N/A       96%         3
 Ice Form                 Ice/Tmut       0%         N/A       100%        4
 Blade Hands              Tmut           0%         N/A       100%        5


Dungeon Overview and Level Annotations

Branches:
Dungeon (5/15)             Temple (1/1) D:5

Altars:
Cheibriados
Elyvilon
Hepliaklqana
Makhleb
Okawaru
Sif Muna
Uskayaw
Vehumet
Xom
Zin
The Shining One
Lugonu


Innate Abilities, Weirdness & Mutations

Your stone body is resilient. (AC +4)
You are immune to poison.
You resist negative energy. (rN+)
You are resistant to electric shocks. (rElec)
You are resistant to unholy torment.
You can survive without breathing.
You are immune to petrification.


Message History

You climb upwards.
Welcome back to the Dungeon!
There is a staircase to the Ecumenical Temple here.
An ogre is nearby!
You shoot a sling bullet. The sling bullet hits the ogre.
The ogre is lightly wounded.
You shoot a sling bullet. The sling bullet hits the ogre.
The ogre is lightly wounded.
The ogre closely misses you.
a - a +1 vorpal mace (weapon)
You hit the ogre.
The ogre is moderately wounded.
The ogre barely misses you.
You completely miss the ogre.
The ogre is moderately wounded.
The ogre hits you with a +0 giant club!
You closely miss the ogre.
The ogre is moderately wounded.
The ogre closely misses you.
You hit the ogre.
The ogre is heavily wounded.
The ogre hits you with a +0 giant club.
You hit the ogre.
The ogre is heavily wounded.
The ogre barely misses you.
You barely miss the ogre.
The ogre is heavily wounded.
The ogre hits you but does no damage.
Your scale mail prevents you from hitting the ogre.
The ogre is heavily wounded.
The ogre hits you with a +0 giant club!
You sock the ogre!
The ogre is almost dead.
The ogre hits you with a +0 giant club!
* * * LOW HITPOINT WARNING * * *
You hit the ogre but do no damage.
The ogre is almost dead.
You closely miss the ogre.
The ogre is almost dead.
The ogre hits you with a +0 giant club!
You die...

....
#.#..#.#########.####
#.#..#.........<....#.#
#....#.#######.#..#.#.#
#...........##.##.#.#.#
#....#.#.......#....#.#
###.(#.#.#..###.#.#.##.#
....#.#.#.#...#...#..#.#
#....#O@.#..(.###.##.#.#
....#.#.#.#..<.... #...#
.#...#.#.#...## ## ##..#
......#.#...(# #..#
###..........# ##>#
#.......#### #.#
#.......# #.# #.......#
### #.......#


You could see an ogre.

Vanquished Creatures
  A crimson imp (D:4)
  A hound (D:4)
  A worker ant (D:4)
  Robin (D:2)
  3 gnolls
  2 river rats (D:4)
  2 adders
  4 worms
  2 dart slugs
  3 leopard geckos
  2 orcs (D:3)
  4 giant cockroaches
  13 goblins
  10 hobgoblins
  14 jackals
  A ball python (D:2)
  3 bats
  3 frilled lizards
  11 kobolds
  A leopard gecko skeleton (D:4)
  11 rats
93 creatures vanquished.

Notes
Turn   | Place    | Note
-------+----------+-------------------------------------------
     0 | D:5      | porpoise the Gargoyle Delver began the quest for the Orb.
     0 | D:5      | Reached XP level 1. HP: 14/14 MP: 1/1
    11 | D:4      | Noticed a hound
   139 | D:3      | Found a glowing silver altar of Zin.
   334 | D:2      | Reached XP level 2. HP: 19/19 MP: 2/2
   682 | D:2      | Reached XP level 3. HP: 17/24 MP: 3/3
  1452 | D:1      | Reached XP level 4. HP: 30/30 MP: 4/4
  1962 | D:2      | Identified the +0 helmet of Netiwi Appae {-Cast Str+4
                  | Stlth+}
  1962 | D:2      | Noticed Robin
  2149 | D:2      | Killed Robin
  2403 | D:2      | You fall into a shaft and drop 1 floor!
  2652 | D:2      | Reached XP level 5. HP: 26/34 MP: 5/5
  2736 | D:3      | Reached skill level 5 in Fighting
  2833 | D:3      | Found a snail-covered altar of Cheibriados.
  3311 | D:3      | Learned a level 2 spell: Blink
  3579 | D:4      | Reached skill level 1 in Armour
  3969 | D:4      | Found a shimmering altar of Xom.
  3970 | D:4      | Found a burning altar of Makhleb.
  3977 | D:4      | Reached XP level 6. HP: 39/40 MP: 6/6
  4362 | D:5      | Found a staircase to the Ecumenical Temple.
  4371 | Temple   | Entered the Ecumenical Temple
  4414 | Temple   | Became a worshipper of the Shining One
  4444 | D:5      | Mangled by an ogre

Illustrated notes

Levels and vault maps discovered:
D:1:      lightli_arrival_flooded_house, layout_basic
D:2:      layout_rooms, uniq_robin
D:3:      layout_loops_cross, lemuel_crystal_altar, zin_statuary,
          kennysheep_decorative_pillar
D:4:      layout_layer_cave, grunt_temple_overflow_champion_of_chaos,
          portal_sewer_entry_e
D:5:      layout_basic, nicolae_ashenzari_skybound, minmay_temple_entry_grid,
          cheibrodos_worm_habitat, uniq_edmund
Temple:   corrupted_temple

Skill      XL: |  1  2  3  4  5 |
---------------+----------------+-----
Fighting       | 4 5 |  5.0
Maces & Flails | 3 4 |  4.7
Armour         | 2 |  2.4
Dodging        | |  1.5
Stealth        | |  5.4

Action                   |  1- 3 |  4- 6 || total
-------------------------+-------+-------++-------
Melee: Mace              |   130 |    79 ||   209
       Hand axe          |       |    51 ||    51
 Fire: Hunting sling     |       |    53 ||    53
Evoke: Wand              |       |     1 ||     1
  Use: Potion            |     1 |       ||     1
       Scroll            |       |     1 ||     1
 Stab: Sleeping          |     9 |     5 ||    14
       Distracted        |       |     1 ||     1
Armor: Leather armour    |    59 |    37 ||    96
       Scale mail        |       |    16 ||    16
Dodge: Dodged            |    90 |   106 ||   196

Table legend: (Time is in decaauts)
 A = Elapsed time spent in this place.
 B = Non-inter-level travel time spent in this place.
 C = Inter-level travel time spent in this place.
 D = Time resting spent in this place.
 E = Time spent auto-exploring this place.
 F = Levels seen in this place.
 G = Mean time per level.
                   A        B        C        D        E       F      G
               +--------+--------+--------+--------+--------+-----+--------+
         Total |   4518 |   4388 |    130 |    921 |   2376 |   6 |  753.0 |
       Dungeon |   4457 |   4343 |    114 |    921 |   2346 |   5 |  891.4 |
        Temple |     61 |     45 |     16 |      0 |     29 |   1 |   61.0 |
               +--------+--------+--------+--------+--------+-----+--------+

Top non-repeatable levels by time:
     D:1: 1386 daAuts
     D:2: 1086 daAuts
     D:3: 1053 daAuts
     D:4: 873 daAuts
  Temple: 61 daAuts
     D:5: 57 daAuts
